 Dungeon Crawl Stone Soup version 0.23-a0-445-g768d57b (console) character file.

1753 utis the Skirmisher (level 8, 70/70 HPs)
             Began as a Demigod Wizard on Nov 17, 2018.
             Quit the game on level 6 of the Dungeon.
             The game lasted 00:24:51 (8198 turns).

utis the Skirmisher (Demigod Wizard)                Turns: 8198, Time: 00:24:53

Health: 70/70      AC: 10    Str: 14    XL:     8   Next: 49%
Magic:  18/18      EV: 12    Int: 22    God:
Gold:   263        SH:  0    Dex: 14    Spells: 5/16 levels left

rFire    . . .     SeeInvis .   M - +0 whip (elec)
rCold    . . .     Gourm    .   (no shield)
rNeg     . . .     Faith    .   f - +0 leather armour (curse)
rPois    .         Spirit   .   L - +1 helmet
rElec    .         Reflect  .   (no cloak)
rCorr    .         Harm     .   u - +1 pair of gloves
MR       .....                  t - +2 pair of boots
Stlth    ++........             (no amulet)
HPRegen  0.21/turn              (no ring)
MPRegen  0.16/turn              (no ring)

@: no status effects
A: high mp 1
a: no special abilities


You were on level 6 of the Dungeon.
You were hungry.

You visited 1 branch of the dungeon, and saw 6 of its levels.

You collected 263 gold pieces.

Inventory:

Hand Weapons
 a - a +3 dagger of venom
 h - a +0 dagger
 n - a +0 flail of protection
 H - a +0 whip of flaming
 M - a +0 whip of electrocution (weapon)
Missiles
 e - 34 arrows
 j - 150 stones (quivered)
 k - 8 tomahawks
 l - 121 bolts
 m - 39 poisoned needles
 s - 49 sling bullets
 x - a throwing net {=f}
Armour
 b - a +0 hat
 f - a cursed +0 leather armour (worn)
 g - +0 swamp dragon scales
 o - a +0 robe
 t - a +2 pair of boots (worn)
 u - a +1 pair of gloves (worn)
 v - a +3 leather armour of magic resistance
 E - a +0 cloak
 F - a scarf of spirit shield
 L - a +1 helmet (worn)
Jewellery
 p - a +3 ring of evasion {unknown}
 y - an uncursed ring of ice {unknown}
Wands
 B - a wand of flame (14)
 D - a wand of acid (2)
Scrolls
 i - 2 scrolls of amnesia
 C - a scroll of fear
 G - a scroll of remove curse {@r2}
 I - a scroll of identify {@r1}
 J - a scroll of enchant weapon
 K - a scroll of fog {unknown}
Potions
 c - 2 potions of mutation {!q}
 q - 3 potions of flight
 r - a potion of brilliance
 w - a potion of heal wounds {@q2}
 z - 3 potions of haste {@q3}
 A - a potion of ambrosia
Comestibles
 d - 12 rations


   Skills:
 - Level 6.1 Fighting
 - Level 4.7 Short Blades
 + Level 0.0 Maces & Flails
 - Level 1.7 Dodging
 - Level 1.7 Stealth
 - Level 4.7 Spellcasting
 - Level 4.8 Conjurations
 - Level 0.8 Summonings
 - Level 0.8 Translocations


You had 5 spell levels left.
You knew the following spells:

 Your Spells              Type           Power        Failure   Level  Hunger
a - Magic Dart            Conj           ####         1%          1    None
d - Mephitic Cloud        Conj/Pois/Air  ##......     21%         3    ##.....
o - Conjure Flame         Conj/Fire      ###.....     14%         3    ##.....
p - Call Imp              Summ           #.......     14%         2    None
v - Blink                 Tloc           N/A          14%         2    None

Your spell library contained the following spells:

 Spells                   Type           Power        Failure   Level  Hunger
 Slow                     Hex            #.......     21%         2    None


Dungeon Overview and Level Annotations

Branches:
Dungeon (6/15)
 Temple: D:4-7


Innate Abilities, Weirdness & Mutations

You have an increased reservoir of magic. (+10% MP)


Message History

You start removing your armour.
You continue taking off your +0 hat. x4
You finish taking off your +0 hat.
You start putting on your armour.
You continue putting on your glowing helmet. x5
You finish putting on your +1 helmet.
Unknown command.
Search for what [Enter for "."]? .
You are feeling hungry.
There are no items here.
(D) Dungeon
Where to? (Enter - D:6 @ (x,y), ? - help)
There is an open door here.
You see here a runed whip.
M - a runed whip Wield which item (- for none, * to show all)? (? for menu, Esc to quit)
Your +3 dagger of venom stops dripping with poison.
You hear the crackle of electricity.
M - a +0 whip of electrocution (weapon)
Okay, then.
Are you sure you want to abandon this character and quit the game? (Confirm

░......░.....).....
░......░░░░░'░....░
░......░..........░
░......░......░'░░░
░......░..p...░..░░
░..░░░░░......░..░░
░░░░░..░......░....
░......'......░....
░.p....░......░░░░░
░'░░░..░....░░░░░░░
░..░░..░....░......
░...░..'....░......
░[[.░..░....░......
░..░░..░....░░░░░░░
░..░░..░...........
░..░░░░░p..........
░..░...+...........


There were no monsters in sight!

Vanquished Creatures
  Pikel (D:6)
  Eustachio (D:3)
  A sky beast (D:6)
  An orc warrior (D:6)
  2 slaves (D:6)
  An elf zombie (D:4)
  A bullfrog (D:6)
  2 elf skeletons (D:4)
  2 howler monkeys
  2 jellies (D:5)
  A hound (D:4)
  3 orc wizards
  An orc priest (D:4)
  A human skeleton (D:4)
  Jessica (D:3)
  6 worker ants
  A worker ant zombie (D:5)
  Robin (D:3)
  3 gnolls
  4 adders
  2 oozes
  An adder skeleton (D:4)
  A worm (D:4)
  A dart slug (D:3)
  5 leopard geckos
  12 orcs
  4 bats
  5 giant cockroaches
  6 hobgoblins
  3 jackals
  4 quokkas
  2 frilled lizards
  18 goblins
  3 goblin zombies (D:6)
  A hobgoblin zombie (D:6)
  8 kobolds
  5 orc skeletons
  An orc zombie (D:4)
  A quokka skeleton (D:5)
  A quokka zombie (D:5)
  7 rats
127 creatures vanquished.

Vanquished Creatures (collateral kills)
  A phantom (D:6)
  A quasit (D:6)
  A shadow imp (D:6)
3 creatures vanquished.

Vanquished Creatures (others)
  A hobgoblin zombie (D:6)
1 creature vanquished.

Grand Total: 131 creatures vanquished

Notes
Turn   | Place    | Note
-------+----------+-------------------------------------------
     0 | D:1      | utis the Demigod Wizard began the quest for the Orb.
     0 | D:1      | Reached XP level 1. HP: 14/14 MP: 6/6
    34 | D:1      | Reached skill level 1 in Conjurations
   333 | D:1      | Reached XP level 2. HP: 10/20 MP: 5/8
   493 | D:1      | Learned a level 2 spell: Call Imp
  1474 | D:2      | Reached XP level 3. HP: 27/27 MP: 6/9
  1541 | D:2      | Learned a level 3 spell: Conjure Flame
  1558 | D:2      | Reached skill level 1 in Fighting
  1597 | D:2      | Reached skill level 1 in Short Blades
  1600 | D:2      | Found a hide-covered altar of Uskayaw.
  2141 | D:3      | Noticed Jessica
  2148 | D:3      | Noticed Robin
  2151 | D:3      | Killed Jessica
  2151 | D:3      | Reached XP level 4. HP: 33/35 MP: 9/11
  2163 | D:3      | Killed Robin
  2465 | D:3      | Found a shattered altar of Ashenzari.
  2646 | D:3      | Found a deep blue altar of Sif Muna.
  2887 | D:3      | Found a snail-covered altar of Cheibriados.
  2890 | D:3      | Found an ornate altar of the Wu Jian Council.
  2894 | D:3      | Found a burning altar of Makhleb.
  2896 | D:3      | Found an opulent altar of Gozag.
  2915 | D:3      | Found a shimmering altar of Xom.
  3235 | D:4      | Noticed Eustachio
  3270 | D:3      | Killed Eustachio
  3270 | D:3      | Reached XP level 5. HP: 16/40 MP: 11/13
  3567 | D:4      | Learned a level 3 spell: Mephitic Cloud
  3570 | D:4      | Learned a level 2 spell: Blink
  3798 | D:4      | Reached XP level 6. HP: 18/47 MP: 15/15
  4553 | D:4      | Reached XP level 7. HP: 15/53 MP: 17/17
  4928 | D:4      | Reached skill level 2 in Fighting
  5222 | D:5      | Entered Level 5 of the Dungeon
  5718 | D:5      | Reached skill level 3 in Fighting
  6441 | D:6      | flain ..
  6441 | D:6      | flail ...!
  6572 | D:6      | Reached skill level 4 in Fighting
  6943 | D:6      | Reached XP level 8. HP: 32/67 MP: 16/18
  7100 | D:6      | Found a glowing golden altar of the Shining One.
  7484 | D:6      | Noticed Pikel
  7537 | D:6      | Killed Pikel
  7537 | D:6      | Reached skill level 6 in Fighting
  8093 | D:6      | Found a radiant altar of Vehumet.
  8095 | D:6      | Found an opulent altar of Gozag.
  8095 | D:6      | Found a blossoming altar of Fedhas.
  8097 | D:6      | Found a blossoming altar of Fedhas.
  8097 | D:6      | Found a shimmering altar of Xom.
  8097 | D:6      | Found a sparkling altar of Nemelex Xobeh.
  8198 | D:6      | Quit the game

Vault maps used:
D:1:      lightli_arrival_farm
D:2:      eat_drink_and_be_merry_uskayaw, minivault_26
D:3:      nicolae_overflow_crystal_walls, minmay_overflow_temple_star_hex,
          lemuel_blue_sif_altar, uniq_robin, uniq_jessica
D:4:      nicolae_ossuary_entry_catacombs, first_ration, uniq_eustachio
D:6:      nicolae_tso_besieged_by_evil, doesnt_xom_only_xom, uniq_pikel

Skill      XL: |  1  2  3  4  5  6  7  8 |
---------------+-------------------------+-----
Conjurations   | 2 3 4 |  4.8
Fighting       | 1 4 6 |  6.1
Short Blades   | 1 3 4 |  4.7
Spellcasting   | 3 4 |  4.7
Dodging        | |  1.7
Stealth        | |  1.7
Summonings     | |  0.8
Translocations | |  0.8

Action                   |  1- 3 |  4- 6 |  7- 9 || total
-------------------------+-------+-------+-------++-------
Melee: Dagger            |    64 |   136 |   178 ||   378
       Flail             |       |    69 |    62 ||   131
Throw: Stone             |     1 |     2 |     8 ||    11
 Cast: Magic Dart        |    54 |     3 |    12 ||    69
       Call Imp          |       |     2 |    18 ||    20
       Mephitic Cloud    |       |       |     2 ||     2
  Use: Scroll            |     6 |     2 |     8 ||    16
       Potion            |       |     1 |     1 ||     2
 Stab: Sleeping          |     1 |     2 |       ||     3
       Distracted        |       |       |     1 ||     1
       Confused          |       |       |     1 ||     1
  Eat: Chunk             |     4 |     5 |     7 ||    16
       Ration            |       |     1 |     1 ||     2
Armor: Robe              |     8 |       |       ||     8
       Leather armour    |     1 |    84 |   131 ||   216
Dodge: Dodged            |    23 |   104 |   167 ||   294

Table legend:
 A = Non-vault XP
 B = Vault XP
 C = Vault XP percentage of total XP
 D = Non-vault monster count
 E = Vault monster count
 F = Vault count percentage of total count
                 A         B        C        D         E       F
            +---------+---------+-------+---------+---------+-------
      Total |    1323 |    1182 |  47.2 |      99 |      28 |  22.0
            +---------+---------+-------+---------+---------+-------
        D:1 |      26 |       0 |   0.0 |      14 |       0 |   0.0
        D:2 |      59 |       0 |   0.0 |      21 |       0 |   0.0
        D:3 |      57 |     262 |  82.1 |      16 |      13 |  44.8
        D:4 |     387 |     309 |  44.4 |      27 |       6 |  18.2
        D:5 |     142 |       0 |   0.0 |       7 |       0 |   0.0
        D:6 |     652 |     611 |  48.4 |      14 |       9 |  39.1
            +---------+---------+-------+---------+---------+-------
